[Event "NM-Senior Hurtig 2018"]
[Site "Frimurer Logen, Norway"]
[Date "2018.11.11"]
[Round "9.2"]
[White "Hamre, Einar"]
[Black "Gyldenås, Ole Jørn"]
[Result "1-0"]
[TimeControl "20 + 10"]
[WhiteElo "1778"]
[BlackElo "1743"]

1. e4 e6 2. d4 d5 3. Nc3 Nf6 4. Bg5 dxe4 5.
Bxf6 Qxf6 6. Nxe4 Qd8 7. Nf3 Be7 8. Bd3 Nd7 9. c3 O-O 10. h4 b6 11. Rc1 Bb7 12. Bb1 Re8 13. Qd3 Nf8 14.
h5 Bxe4 15. Qxe4 Qd5 16. Qf4 Bd6 17. Qe3 Rad8 18. b4 e5 19. Kf1 exd4 20. Qxd4 Qb5+ 21. Bd3 Qd7 22. h6 Ne6 23. Bxh7+ Kf8 24.
hxg7+ Nxg7 25. Bc2 Qb5+ 26. Bd3 Qc6 27. Rh8+ Ke7 28. Rxe8+ Nxe8 29. Re1+ Be5 30. Rxe5+ Kf8 31. Qxd8 1-0

[Event "NM-Senior Hurtig 2018"]
[Site "Frimurer Logen, Norway"]
[Date "2018.11.11"]
[Round "9.3"]
[White "Borch, Alex"]
[Black "Oldernes, Lars Arne"]
[Result "1-0"]
[TimeControl "20 + 10"]
[WhiteElo "1728"]
[BlackElo "1697"]

1. e4 e5 2. Nf3 Nf6 3.
Nc3 Nc6 4. Bb5 d6 5. h3 a6 6. Bxc6+ bxc6 7. d3 Be6 8. O-O Qd7 9. Nh2 h6 10. f4 exf4 11. Bxf4 Be7 12. Qf3 g5 13. Be3 O-O-O 14. Bd4 g4 15.
hxg4 Nxg4 16. Bxh8 Nxh2 17. Kxh2 Rxh8 18. Qh5 Bg5 19. Qf3 f6 20. Ne2 Bg4 21. Qf2 Qe6 22. Nd4 Qe5+ 23. Kg1 c5 24.
Nf5 h5 25. c3 h4 26. Rae1 h3 27. g3 h2+ 28. Kh1 Bh3 29. d4 cxd4 30. cxd4 Qb5 31. Qc2 Qxf1+ 32. Rxf1 Bxf1 33. Qf2 Bd3 34.
Nh4 Bxe4+ 35. Kxh2 Kd7 36. Kg1 f5 37. Ng2 d5 38. Qe2 Rb8 39. b3 Rb6 40. Qh5 Bf6 41. Qf7+ Kc8 42. Nf4 Bxd4+ 43. Kf1 1-0

[Event "NM-Senior Hurtig 2018"]
[Site "Frimurer Logen, Norway"]
[Date "2018.11.11"]
[Round "9.4"]
[White "Andersen, Guttorm"]
[Black "Antonsen, Frode"]
[Result "1/2-1/2"]
[TimeControl "20 + 10"]
[WhiteElo "1684"]
[BlackElo "1656"]

1. d4 d5 2. c4 e6 3. Nc3 Nf6 4. Nf3 Be7 5. e3 O-O 6. c5 a5 7. Bd3 b6 8. Na4 bxc5 9. Nxc5 Bxc5 10.
dxc5 Na6 11. c6 Nb4 12. Ne5 Qd6 13.
a3 Nxd3+ 14. Nxd3 Qxc6 15. O-O Ba6 16. Re1 Bxd3 17. Qxd3 Qd6 18. Bd2 c5 19. Bc3 Ne4 20. Rac1 Nxc3 21.
Rxc3 Rab8 22. Qc2 c4 23. Rd1 Qb6 24. Rb1 g6 25. e4 Qd4 26. exd5 exd5 27. Rd1 Qe5 28. Qd2 Rfd8 29. h3 a4 30.
Re1 Qf6 31. Rd1 Rb3 32. Rxc4 Rxb2 33. Rc2 Rb3 34. Qc1 Qd6 35. Rc3 d4 36. Rcd3 Rxd3 37. Rxd3 Qa6 38. Qd2 Qc4 39. Kh2 Rd5 40.
g3 Kg7 41. h4 h5 42. Kg1 Rd6 43. Kh2 Rd5 1/2-1/2

[Event "NM-Senior Hurtig 2018"]
[Site "Frimurer Logen, Norway"]
[Date "2018.11.11"]
[Round "9.6"]
[White "Ugland, Torge"]
[Black "Milvang, Otto"]
[Result "0-1"]
[TimeControl "20 + 10"]
[WhiteElo "1646"]
[BlackElo "1691"]

1. e4 c5 2. d4 cxd4 3. c3 d3 4. Bxd3 g6 5. f4 Bg7 6. Nf3 e6 7. Be3 Nc6 8. O-O Nge7 9. Nbd2 d5 10.
e5 O-O 11. Nd4 a6 12. N2f3 b5 13. Nb3 Nf5 14. Bxf5 exf5 15. Bc5 Re8 16. Bd6 Be6 17. Nc5 Ne7 18. Nxe6 fxe6 19. Nd4 Nc8 20.
Bc5 Qc7 21. b4 Bf8 22. Nb3 Nb6 23. Bxf8 Kxf8 24. Nc5 Nd7 25. Nxd7+ Qxd7 26. Qd4 Rac8 27.
Rac1 Rc4 28. Qd2 Rec8 29. Rf3 R8c7 30. Qf2 Qc8 31. Qh4 Rf7 32. Qf2 Qc7 33. h4 Qa7 34. Qxa7 Rxa7 35. Rd1 Rac7 36.
Rdd3 Re4 37. Rf2 Rcc4 38. g3 Kg7 39.
Kg2 h5 40. Kf3 Kf7 41. Rf1 Ke7 42. Ra1 d4 43. Rc1 dxc3 44. Rcxc3 Rxc3 45. Rxc3 Rxb4 46. Rc7+ Kd8 47. Rc6 Ra4 48.
Rxe6 Rxa2 49. Rxg6 b4 50. Rg5 b3 51. Rxf5 b2 52. Rxh5 b1=Q 53. Rg5 Qd1+ 54. Ke4 Ra3 55. Kf5 Qd7+ 56.
Kf6 Qe7+ 57. Kf5 Kd7 58. Kg6 Rb3 59. Kh5 0-1

[Event "NM-Senior Hurtig 2018"]
[Site "Frimurer Logen, Norway"]
[Date "2018.11.11"]
[Round "9.7"]
[White "Kristiansen, Erling"]
[Black "Skogheim, Ole Morten"]
[Result "1/2-1/2"]
[TimeControl "20 + 10"]
[WhiteElo "2126"]
[BlackElo "1909"]

1. d4 d5 2. Nf3 Nf6 3. c4 e6 4. Bg5 c5 5. cxd5 exd5 6. Nc3 cxd4 7. Nxd4 Nc6 8. e3 Be7 9. Bb5 Bd7 10.
O-O O-O 11. Qa4 Nxd4 12. Bxd7 Nxd7 13. Bxe7 Qxe7 14. Qxd4 Nb6 15. Nxd5 Nxd5 16. Qxd5 Rfd8 17. Qb3 Rd6 18. Rad1 Rb6 19.
Qc3 Qe6 20. b3 h6 21. Rd2 Rc8 22. Qd4 a5 23. Rfd1 Rbc6 24. h3 b5 25. Qa7 a4 26. bxa4 Ra6 27. Qb7 Rxa4 28. Qxc8+ Qxc8 29.
Rd8+ Qxd8 30. Rxd8+ Kh7 31. Rd2 Kg6 32. Kf1 Kf6 33.
Ke2 Ke6 34. Rb2 b4 35. Kd3 Kd5 36. Rc2 Ra3+ 37. Ke2 b3 38. Rd2+ Ke6 39. axb3 Rxb3 40. Ra2 Rb6 41. e4 Ke5 42. f3 g6 43. g3 Rb5 44.
Ra3 f5 45. Ke3 fxe4 46. fxe4 g5 47. Kf3 h5 48. Ke3 Rc5 49. Rd3 Ra5 50. Kf3 Rb5 51. Ke3 Ra5 52. Rd8 Ra3+ 53. Rd3 Ra5 1/2-1/2

[Event "NM-Senior Hurtig 2018"]
[Site "Frimurer Logen, Norway"]
[Date "2018.11.11"]
[Round "9.8"]
[White "Smedby, Ole"]
[Black "Larsen, Arild"]
[Result "1/2-1/2"]
[TimeControl "20 + 10"]
[WhiteElo "1823"]
[BlackElo "1858"]

1. d4 Nf6 2. c4 e6 3. Nf3 d5 4. e3 c6 5. Bd3 Bd6 6. Nc3 O-O 7. O-O Nbd7 8. e4 dxe4 9. Nxe4 Nxe4 10.
Bxe4 f5 11. Bc2 Nf6 12. Re1 Qc7 13. h3 Bd7 14. Ne5 Rae8 15. a3 c5 16. Nxd7 Nxd7 17. Ba4 Re7 18. Bxd7 Rxd7 19. Rxe6 cxd4 20.
Qd3 Bh2+ 21. Kh1 Bf4 22. Bxf4 Qxf4 23. Re2 Qg5 24. Rae1 h6 25. b4 Qd8 26. Re5 Qf6 27. Re6 Qg5 28.
R6e5 Qf6 29. f4 Qd8 30. g3 Qc7 31. Rc5 Qd8 32. Ree5 g6 33. Rcd5 Rff7 34. Qxd4 Rg7 35. Kg2 Rgf7 36.
Kf3 b5 37. Rxd7 Rxd7 38. Rd5 Rxd5 39. Qxd5+ Qxd5+ 40. cxd5 1/2-1/2

[Event "NM-Senior Hurtig 2018"]
[Site "Frimurer Logen, Norway"]
[Date "2018.11.11"]
[Round "9.9"]
[White "Synnestvedt, Jan"]
[Black "Bjørgvik, Jan Arne"]
[Result "0-1"]
[TimeControl "20 + 10"]
[WhiteElo "1941"]
[BlackElo "1723"]

1. d4 d5 2. Nf3 Nf6 3. Bf4 e6 4. e3 Bd6 5. Bg5 Be7 6. Bd3 h6 7. Bh4 Nbd7 8. c4 c5 9. dxc5 Nxc5 10.
Be2 dxc4 11. Qxd8+ Bxd8 12. Bxc4 O-O 13. Nc3 Ba5 14. Rc1 Na4 15. Rc2 Nxb2 16. O-O Nxc4 17. Bxf6 gxf6 18. Ne4 f5 19. Nf6+ Kg7 20. Nh5+ Kg6 21.
Nf4+ Kf6 22. Rxc4 Bd7 23. Rd1 Bc6 24.
Nd3 Rad8 25. Nd4 Be4 26. Ra4 Bb6 27. Nb2 e5 28. Ne2 Rxd1+ 29. Nxd1 Bc2 30. Ndc3 Bxa4 31. Nxa4 Rd8 32. g3 Rd2 33.
Nec3 Ba5 34. Kf1 Bxc3 35. Nxc3 Rc2 36. Nd5+ Ke6 37. Nb4 Rb2 38. a3 Rb3 39. Ke2 Rxa3 40. Nd3 Rxd3 41. Kxd3 Kd5 42. f3 a5 43. g4 fxg4 44. e4+ Kc5 45. fxg4 a4 46. Kc3 b5 47. h4 f6 0-1

[Event "NM-Senior Hurtig 2018"]
[Site "Frimurer Logen, Norway"]
[Date "2018.11.11"]
[Round "9.11"]
[White "Lea, Per"]
[Black "Taksrud, Vidar"]
[Result "0-1"]
[TimeControl "20 + 10"]
[WhiteElo "1673"]
[BlackElo "1861"]

1. e4 Nf6 2. e5 Nd5 3. d4 d6 4. c4 Nb6 5. f4 dxe5 6. fxe5 Bf5 7. Nf3 e6 8. Nc3 Be7 9. Be2 c6 10. O-O O-O 11. Be3 a5 12.
Qd2 a4 13. Rad1 Na6 14. a3 Bg4 15. Ne4 Bxf3 16. Rxf3 c5 17. dxc5 Qxd2 18. Rxd2 Nc8 19. Nd6 Na7 20. Nxb7 Nc6 21.
Rd7 Ra7 22. Rxe7 Nxe7 23. c6 Nxc6 24. Bxa7 Nxa7 25. c5 Nc7 26. b4 axb3 27. Rxb3 Nc6 28. Re3 Nd5 29. Re4 Ra8 30. Bb5 Nce7 31. a4 Nc3 32. Rb4 Ned5 33. Rb3 Nxa4 34.
c6 Nac3 35. c7 Nxb5 36. Rxb5 Nxc7 37. Rc5 Nd5 38. Nd6 h5 39. Ne4 Kh7 40. Rb5 Kg6 41. Rb7 f5 42. Nc5 Ra1+ 43. Kf2 Ra2+ 44.
Kf3 Ra3+ 45. Kf2 Nf4 46. Re7 Ra2+ 47. Kf3 Nxg2 48. Nxe6 Ne1+ 49. Kg3 Kh6 50. Nxg7 Rg2+ 51. Kh3 Rxg7 52.
Rxg7 Kxg7 53. Kh4 Kg6 54.
e6 Nf3+ 55. Kg3 Nd4 56. e7 Kf7 57. Kh4 f4 0-1

[Event "NM-Senior Hurtig 2018"]
[Site "Frimurer Logen, Norway"]
[Date "2018.11.11"]
[Round "9.12"]
[White "Ofstad, Per"]
[Black "Wangen, Reidar Magne"]
[Result "1-0"]
[TimeControl "20 + 10"]
[WhiteElo "2131"]
[BlackElo "1733"]

1. e4 e6 2. d4 d5 3. exd5 exd5 4. Nf3 Bd6 5. Be2 Ne7 6. O-O O-O 7. Nc3 c6 8. Bg5 Qc7 9. Bh4 Nf5 10.
Bg3 Nxg3 11. hxg3 Bg4 12. Bd3 h6 13. Qd2 Nd7 14. Nh4 Rae8 15. Nf5 Bxf5 16. Bxf5 Re7 17. Rfe1 Rfe8 1-0